 Dungeon Crawl Stone Soup version 0.21-a0-450-gd87a9b2 (webtiles) character file.

33 mortelune the Skirmisher (level 3, -4/24 HPs)
             Began as a Gargoyle Fighter on Nov 18, 2017.
             Shot with an arrow by a centaur (9 damage)
             ... on level 2 of the Dungeon.
             The game lasted 00:04:02 (1608 turns).

mortelune the Skirmisher (Gargoyle Fighter)         Turns: 1608, Time: 00:04:03

Health: -4/24      AC: 10    Str: 20    XL:     3   Next: 29%
Magic:  3/3        EV:  7    Int:  8    God:
Gold:   60         SH:  9    Dex:  9    Spells: 2/2 levels left

rFire    . . .     SeeInvis .   i - +1 mace (holy)
rCold    . . .     Gourm    .   c - +0 shield
rNeg     + . .     Faith    .   b - +0 scale mail
rPois    ∞         Spirit   .   (no helmet)
rElec    +         Reflect  .   (no cloak)
rCorr    .         Harm     .   (no gloves)
MR       .....                  (no boots)
Stlth    ..........             (no amulet)
HPRegen  0.08/turn              (no ring)
MPRegen  0.08/turn              (no ring)

@: no status effects
A: negative energy resistance 1, electricity resistance, unbreathing,
petrification resistance, rot immunity, AC +3
a: no special abilities


You were on level 2 of the Dungeon.
You were very hungry.

You visited 1 branch of the dungeon, and saw 2 of its levels.

You collected 60 gold pieces.

Inventory:

Hand Weapons
 a - a +0 flail
 i - a +1 mace of holy wrath (weapon)
 m - a +0 hunting sling
Missiles
 n - 66 stones (quivered)
Armour
 b - a +0 scale mail (worn)
 c - a +0 shield (worn)
Scrolls
 e - a scroll of amnesia
 j - a scroll of identify {unknown}
 k - a scroll of remove curse {unknown}
 l - a scroll of magic mapping {unknown}
Potions
 d - a potion of might
 g - a potion of degeneration {unknown}
 o - a potion of lignification {unknown}
Comestibles
 f - 2 bread rations
 h - a meat ration


   Skills:
 + Level 4.1 Fighting
 + Level 2.9 Maces & Flails
 - Level 3.2 Armour
 - Level 3.2 Shields


You had 2 spell levels left.
You didn't know any spells.

Dungeon Overview and Level Annotations

Branches:
Dungeon (2/15)

Altars:


Innate Abilities, Weirdness & Mutations

You are resistant to torment.
Your stone body is resilient. (AC +3)
You are immune to poison.
You resist negative energy. (rN+)
You are resistant to electric shocks. (rElec)
You can survive without breathing.
You are immune to petrification.
You are immune to rotting.


Message History

The kobold is moderately wounded.
The kobold closely misses you. You block the kobold's attack.
You hit the kobold.
You kill the kobold!
n - 65 stones (gained 3)
You see here a short sword of speed.
n - 66 stones (gained 1)
There is a stone staircase leading down here.
A centaur comes into view.
The centaur shouts!
The centaur wields a shortbow.
The centaur shoots an arrow.
The arrow hits you!
Found a stone staircase leading up.
You see here an arrow.
You are too injured to fight recklessly!
You are too injured to fight recklessly!
The centaur shoots an arrow.
The arrow hits you!
Ouch! That really hurt!
* * * LOW HITPOINT WARNING * * *
The centaur shoots an arrow.
The arrow hits you!
You die...

#.......###
#..........
#.......#
##.......#
#...)....#
#.##(..###
##.##.......
########.).#...####
#.(@..>.^#....##
#c######...#..# #.
##.##..###### #.
#.##.....<.) #.
#.........## #.
####..###.# #< #..#
#.# c. ##.# #.# #.#
#..


You could see a centaur.

Vanquished Creatures
  A dart slug (D:1)
  A leopard gecko (D:1)
  A ball python (D:1)
  A goblin (D:2)
  4 hobgoblins (D:1)
  4 jackals (D:1)
  10 kobolds
  3 bats (D:1)
  A frilled lizard (D:1)
  2 rats (D:1)
28 creatures vanquished.

Notes
Turn   | Place    | Note
-------+----------+-------------------------------------------
     0 | D:1      | mortelune the Gargoyle Fighter began the quest for the Orb.
     0 | D:1      | Reached XP level 1. HP: 14/14 MP: 1/1
    49 | D:1      | Reached XP level 2. HP: 9/19 MP: 2/2
   853 | D:1      | Reached XP level 3. HP: 24/24 MP: 3/3
   867 | D:1      | Reached skill level 4 in Fighting
  1603 | D:2      | Noticed a centaur
  1608 | D:2      | Shot with an arrow by a centaur

Vault maps used:
D:1:      minmay_arrival_three_doors

Skill      XL: |  1  2  3 |
---------------+----------+-----
Fighting       | 4 |  4.1
Maces & Flails | |  2.9
Armour         | |  3.2
Shields        | |  3.2

Action                   || total
-------------------------++-------
Melee: Flail             ||   141
       Mace              ||     5
  Use: Scroll            ||     1
  Eat: Chunk             ||     1
Armor: Scale mail        ||   111
Dodge: Dodged            ||    67
Block: Shield            ||    91

Table legend:
 A = Spawn XP
 B = Non-spawn XP
 C = Spawn XP percentage of total XP
 D = Spawn monster count
 E = Non-spawn monster count
 F = Spawn count percentage of total count
 G = Total turns spent on level
                    A         B        C        D         E        F      G
               +---------+---------+-------+---------+---------+-------+---------
         Total |       0 |      48 |   0.0 |       0 |      28 |   0.0 |  1608
               +---------+---------+-------+---------+---------+-------+---------
           D:1 |       0 |      44 |   0.0 |       0 |      26 |   0.0 |  1560
           D:2 |       0 |       4 |   0.0 |       0 |       2 |   0.0 |    48
               +---------+---------+-------+---------+---------+-------+---------
